 Dungeon Crawl Stone Soup version 0.30-a0-718-geaa24f58ff (webtiles) character file.

Game seed: 17263179831258858144

49 Alitron123 the Cudgeller (level 3, -3/24 HPs)
             Began as a Gargoyle Berserker on Jan 25, 2023.
             Was a Follower of Trog.
             Killed from afar by a kobold (13 damage)
             ... with a puff of flame
             ... on level 2 of the Dungeon.
             The game lasted 00:01:28 (1219 turns).

Alitron123 the Cudgeller (Gargoyle Berserker)       Turns: 1219, Time: 00:01:29

Health: -3/24      AC: 10    Str: 22    XL:     3   Next: 75%
Magic:  3/3        EV: 10    Int:  7    God:    Trog [*.....]
Gold:   62         SH:  0    Dex:  9    Spells: 2/2 levels left

rFire   . . .      SeeInvis .    a - +0 mace
rCold   . . .      Faith    .    (no shield)
rNeg    + . .      Spirit   .    i - +0 scale mail
rPois   ∞          Reflect  .    (no helmet)
rElec   +          Harm     .    (no cloak)
rCorr   .          Rampage  .    (no gloves)
Will    .....                    h - +0 pair of boots Stlth
                                 (no amulet)
HPRegen 0.24/turn                (no ring)
MPRegen 0.08/turn                (no ring)

@: no status effects
A: sickness immunity, AC +3, negative energy resistance 1, electricity
resistance, torment resistance 1, petrification resistance
a: Renounce Religion, Berserk


You were on level 2 of the Dungeon.
You worshipped Trog.
Trog was aware of your devotion.
You visited 1 branch of the dungeon, and saw 2 of its levels.

You collected 62 gold pieces.

Inventory:

Hand Weapons
 a - a +0 mace (weapon)
Armour
 h - a +0 pair of boots (worn)
 i - a +0 scale mail (worn)
Scrolls
 c - a scroll of teleportation {unknown}
 d - a scroll of poison {unknown}
 e - a scroll of magic mapping {unknown}
 f - 2 scrolls of identify {unknown}
Potions
 b - a potion of lignification {unknown}
 g - a potion of haste {unknown}
 j - a potion of degeneration {unknown}
 k - a potion of might {unknown}


   Skills:
 + Level 3.7 Fighting
 + Level 3.8 Maces & Flails
 + Level 2.4 Armour
 + Level 2.0 Dodging


You had 2 spell levels left.
You didn't know any spells.
Your spell library was empty.

Dungeon Overview and Level Annotations

Branches:
Dungeon (2/15)

Altars:


Innate Abilities, Weirdness & Mutations

You are immune to sickness and miasma.
Your stone body is resilient. (AC +3)
You are immune to poison.
You resist negative energy. (rN+)
You are resistant to electric shocks. (rElec)
You are resistant to unholy torment.
You are immune to petrification.


Message History

The worm closely misses you.
You hit the worm. You punch the worm.
The worm is severely wounded.
The worm barely misses you.
You sock the worm!
The worm is almost dead.
You thump the worm!
You kill the worm!
Trog accepts your kill.
No target in view!
No target in view!
HP restored.
You see here a worm corpse.
You now have 62 gold pieces (gained 2).
You see here a worm corpse.
A kobold comes into view.
It is wielding a +0 short sword and carrying a wand of flame (20).
The kobold shouts!
The kobold zaps a wand.
The puff of flame misses you.
A kobold is nearby!
A kobold is nearby!
A kobold is nearby!
The kobold zaps a wand.
The puff of flame hits you!
The kobold zaps a wand.
The puff of flame hits you.
A giant cockroach comes into view.
You are too injured to fight recklessly!
You are too injured to fight recklessly!
You are too injured to fight recklessly!
You are too injured to fight recklessly!
A goblin comes into view. It is wielding a +0 dagger.
The kobold zaps a wand.
The puff of flame hits you.
A rat comes into view.
The goblin shouts!
The kobold zaps a wand.
The puff of flame misses you.
You hit the kobold.
The kobold is heavily wounded.
The giant cockroach closely misses you. The kobold completely misses you.
The giant cockroach bites you but does no damage.
The kobold zaps a wand.
The puff of flame hits you!
Ouch! That really hurt!
You die...

#######§'####..
##.............#
..####...............
.....................
##########.........r..
....................
#######...[....gKB######
#####.........@.'.....
#...............######
#...)...........#
#........)......#
#...............#
#...............+
#.....†......####
#.....†####### #......#


You could see a giant cockroach, a goblin, a kobold and a rat.

Vanquished Creatures
  2 adders (D:2)
  A worm (D:2)
  A dart slug (D:1)
  A bat (D:1)
  An endoplasm (D:1)
  4 giant cockroaches (D:1)
  5 goblins
  3 hobgoblins (D:1)
  2 kobolds (D:1)
  6 rats (D:1)
  A bush (D:1)
27 creatures vanquished.

Notes
Turn   | Place    | Note
-------+----------+-------------------------------------------
     0 | D:1      | Alitron123 the Gargoyle Berserker began the quest for the
                  | Orb.
     0 | D:1      | Reached XP level 1. HP: 14/14 MP: 1/1
   141 | D:1      | Reached XP level 2. HP: 19/19 MP: 2/2
   779 | D:1      | Reached XP level 3. HP: 21/24 MP: 3/3
  1219 | D:2      | Killed from afar by a kobold

Illustrated notes

Levels and vault maps discovered:
D:1:      minmay_arrival_pointy, layout_basic, serial_forest,
          infiniplex_forest_straight_2, infiniplex_forest_lined_3,
          infiniplex_forest_lined_corner, infiniplex_forest_end_2,
          infiniplex_forest_end_double, infiniplex_forest_end_1,
          infiniplex_forest_end_3, infiniplex_forest_end_2, minmay_tetromino_l2
D:2:      layout_basic, hellmonk_ecumenical_altar_pennies_from_heaven,
          kennysheep_generic_room_7

Skill      XL: |  1  2  3 |
---------------+----------+-----
Dodging        | 2 |  2.0
Fighting       | |  3.7
Maces & Flails | |  3.8
Armour         | |  2.4

Action                     || total
---------------------------++-------
  Melee: Mace              ||   181
         Punch             ||     4
 Armour: Animal skin       ||    13
         Scale mail        ||    31
  Dodge: Dodged            ||    67

Table legend: (Time is in decaauts)
 A = Elapsed time spent in this place.
 B = Non-inter-level travel time spent in this place.
 C = Inter-level travel time spent in this place.
 D = Time resting spent in this place.
 E = Time spent auto-exploring this place.
 F = Levels seen in this place.
 G = Mean time per level.
                   A        B        C        D        E       F      G
               +--------+--------+--------+--------+--------+-----+--------+
         Total |   1259 |   1241 |     18 |      0 |    907 |   2 |  629.5 |
       Dungeon |   1259 |   1241 |     18 |      0 |    907 |   2 |  629.5 |
               +--------+--------+--------+--------+--------+-----+--------+

Top non-repeatable levels by time:
     D:1: 1087 daAuts
     D:2: 171 daAuts
